 Dungeon Crawl Stone Soup version 0.19.0-22-gd96e5fe (webtiles) character file.

3920 Television the Covert (level 10, -6/126 HPs)
             Began as a Naga Earth Elementalist on Nov 19, 2016.
             Was a High Priest of Zin.
             Killed from afar by a hell hound (14 damage)
             ... with a blast of flame
             ... on level 10 of the Dungeon.
             The game lasted 00:30:51 (5611 turns).

Television the Covert (Naga Earth Elementalist)     Turns: 5611, Time: 00:30:52

Health: -6/126     AC:  6    Str: 16    XL:     10   Next: 20%
Magic:  1/17       EV: 15    Int: 18    God:    Zin [*****.]
Gold:   549        SH:  0    Dex: 17    Spells: 5 memorised, 5 levels left

rFire  . . .     SeeInvis +     n - +3 dagger (venom)
rCold  . . .     Gourm    .     y - +1 steam dragon scales
rNeg   . . .     Faith    .     (no shield)
rPois  +         Spirit   .     (no helmet)
rElec  .         Reflect  .     (no cloak)
rCorr  .         Harm     .     (no gloves)
MR     ++...                    (no barding)
Stlth  ..........               F - amulet of regeneration
                                D - ring of flight
                                l - ring of protection from magic

@: agile, berserking, flying, quick
A: see invisible, deformed body, poison resistance, slowness 2, slow metabolism
1, spit poison 1, AC +3
a: Spit Poison, Recite, Vitalisation, Imprison, Sanctuary, Donate Gold, Renounce
Religion


You were on level 10 of the Dungeon.
You worshipped Zin.
Zin was extremely pleased with you.
You were near starving.

You visited 1 branch of the dungeon, and saw 9 of its levels.

You collected 609 gold pieces.
You donated 60 gold pieces to Zin.

Inventory:

Hand Weapons
 n - a +3 dagger of venom (weapon)
 q - a +3 dagger
 A - a +0 fustibalus
 K - a +1 rapier of draining
 L - a +0 morningstar of holy wrath
Missiles
 b - 91 stones (quivered)
 f - 3 javelins
 i - 122 sling bullets
 G - 7 tomahawks
Armour
 y - +1 steam dragon scales (worn)
 B - a +0 robe of magic resistance
Jewellery
 l - a ring of protection from magic (left hand)
 r - an uncursed amulet of harm {unknown}
 D - a ring of flight (right hand)
 F - an amulet of regeneration (around neck)
 H - an uncursed amulet of rage {unknown}
Wands
 v - a wand of teleportation (7/9)
Scrolls
 g - 2 scrolls of teleportation {unknown}
 o - a scroll of amnesia {unknown}
 p - 2 scrolls of magic mapping {unknown}
 s - a scroll of fog
 x - 2 scrolls of recharging
 C - a scroll of identify
Potions
 j - 2 potions of might
 m - a potion of haste
 t - a potion of brilliance
 u - 2 potions of ambrosia
Books
 e - a book of Geomancy

   Spells                             Type                      Level
   a - Sandblast                      Earth                        1
   b - Passwall                       Transmutation/Earth          2
   c - Stone Arrow                    Conjuration/Earth            3
   d - Petrify                        Transmutation/Earth          4
   e - Lee's Rapid Deconstruction     Earth                        5
 z - a book of Maledictions

   Spells                             Type                      Level
   a - Corona                         Hexes                        1
   b - Ensorcelled Hibernation        Hexes/Ice                    2
   c - Confuse                        Hexes                        3
   d - Tukima's Dance                 Hexes                        3
   e - Dazzling Spray                 Conjuration/Hexes            3
Comestibles
 a - 6 meat rations
 d - 7 bread rations
 w - 4 fruits
 E - 2 beef jerkies
 I - 7 slices of pizza
 J - a chunk of flesh


   Skills:
 + Level 3.1 Fighting
 + Level 4.1 Short Blades
 - Level 1.5 Dodging
 + Level 9.7 Stealth
 - Level 5.0 Spellcasting
 + Level 5.6 Hexes
 - Level 1.0 Transmutations
 * Level 9.6 Earth Magic


You had 5 spell levels left.
You knew the following spells:

 Your Spells              Type           Power        Failure   Level  Hunger
a - Sandblast             Erth           #####.       1%          1    None
b - Stone Arrow           Conj/Erth      ###...       6%          3    ##.....
c - Confuse               Hex            ###.....     4%          3    ##.....
d - Passwall              Tmut/Erth      ###.......   1%          2    #......
e - Lee's Rapid Deconstr  Erth           #####.....   10%         5    ######.


Dungeon Overview and Level Annotations

Branches:
Dungeon (8/15)             Temple (0/1) D:5            Lair (0/6) D:10

Altars:
Cheibriados
Sif Muna
Uskayaw
Zin

Shops:
D:4 %

Annotations:
D:6 exclusion: downstairs


Innate Abilities, Weirdness & Mutations

You cannot wear boots.
Your serpentine skin is tough. (AC +3)
You have supernaturally acute eyesight. (SInv)
Armour fits poorly on your strangely shaped body.
Your system is resistant to poisons. (rPois)
You cover ground very slowly.
You have a slow metabolism.
You can spit poison.


Message History

* * * LOW HITPOINT WARNING * * *
It was a potion of flight.
You feel very buoyant.
You fly up into the air.
The hell hound breathes flames at you. The blast of flame hits you!
* * * LOW HITPOINT WARNING * * *
The hell hound bites you but does no damage.
It was a potion of agility.
You feel agile all of a sudden. The hell hound barely misses you.
It was a potion of berserk rage.
A red film seems to cover your vision as you go berserk!
You feel yourself moving faster!
You feel mighty! The hell hound barely misses you.
The crimson imp closely misses you.
The hell hound bites you but does no damage.
The hell hound breathes flames at you.
The blast of flame hits the hell hound.
The hell hound completely resists.
The blast of flame hits you!
You die...

#. #. #. . ##########.##
. #........(..# .
###.###.....#.# .###
#.....#.# #..###
...####.#.#.#.####)...###
..............hh@5......#
≈..####.#.#.#.####..#.#.#
§≈.# .........# #..#....#
≈≈.O..###.####..
.......... ≈§....# #.#
...##.#....## ≈≈....# #.#
##[##.#..... ≈§.#### #..
.. .# ... ...# ### ####
... [###


You could see 2 hell hounds and a crimson imp.

Vanquished Creatures
  A manticore (D:7)
  A gargoyle (D:10)
  A two-headed ogre (D:10)
  Sigmund (D:4)
  2 hogs (D:7)
  2 yaks (D:7)
  A human (D:7)
  Duvessa (D:7)
  A water moccasin (D:6)
  2 ice beasts (D:6)
  2 orc warriors
  A sky beast (D:5)
  3 ogres
  3 phantoms
  A centaur (D:6)
  A water moccasin skeleton (D:4)
  Dowan (D:7)
  6 killer bees
  A howler monkey (D:7)
  2 bullfrog zombies
  2 jellies (D:6)
  A centaur zombie (D:6)
  3 hounds
  2 orc wizards (D:7)
  2 bullfrog skeletons
  Natasha (thrice) (D:3 D:4)
  2 iguanas
  2 worker ants
  A hound zombie (D:5)
  7 adders
  3 gnolls (D:3)
  2 oozes
  An adder zombie (D:7)
  2 worms (D:2)
  2 dart slugs (D:2)
  4 leopard geckos
  21 orcs
  7 bats
  3 giant cockroaches
  6 hobgoblins
  23 jackals
  6 quokkas
  6 ball pythons
  3 frilled lizards
  6 goblins
  6 kobolds
  A leopard gecko zombie (D:7)
  A quokka skeleton (D:4)
  A quokka zombie (D:10)
  5 rats
168 creatures vanquished.

Notes
Turn   | Place    | Note
-------+----------+-------------------------------------------
     0 | D:1      | Television the Naga Earth Elementalist began the quest for the Orb.
     0 | D:1      | Reached XP level 1. HP: 15/15 MP: 3/3
   272 | D:1      | Reached XP level 2. HP: 11/22 MP: 3/5
   593 | D:1      | Reached XP level 3. HP: 21/28 MP: 3/6
   598 | D:1      | Learned a level 3 spell: Stone Arrow
  1216 | D:2      | Reached XP level 4. HP: 15/36 MP: 8/8
  1307 | D:2      | Found a faded altar of an unknown god.
  1333 | D:2      | Became a worshipper of Zin the Law-Giver
  1333 | D:2      | Reached * piety under Zin
  1333 | D:2      | Reached ** piety under Zin
  1542 | D:3      | Noticed Natasha
  1549 | D:3      | HP: 1/36 [Natasha (8)]
  1550 | D:3      | Killed Natasha
  1550 | D:3      | Reached skill level 1 in Short Blades
  1879 | D:3      | Reached XP level 5. HP: 30/42 MP: 9/9
  1889 | D:3      | Noticed Natasha
  2307 | D:3      | Killed Natasha
  2466 | D:3      | Reached XP level 6. HP: 44/49 MP: 11/11
  2586 | D:4      | Noticed Natasha
  2592 | D:4      | Killed Natasha
  2720 | D:4      | Learned a level 3 spell: Confuse
  2751 | D:4      | Reached *** piety under Zin
  2791 | D:4      | Noticed a phantom
  2802 | D:4      | Killed a phantom
  2802 | D:4      | Reached skill level 1 in Hexes
  2802 | D:4      | Reached skill level 5 in Earth Magic
  2862 | D:4      | Reached XP level 7. HP: 30/55 MP: 7/13
  2865 | D:4      | Found Tepys's Food Shoppe.
  2870 | D:4      | Reached **** piety under Zin
  3041 | D:4      | Noticed Sigmund
  3047 | D:4      | Killed Sigmund
  3251 | D:5      | Entered Level 5 of the Dungeon
  3299 | D:5      | Reached skill level 5 in Stealth
  3601 | D:5      | Reached ***** piety under Zin
  3610 | D:5      | Found a staircase to the Ecumenical Temple.
  3645 | D:5      | Reached XP level 8. HP: 62/62 MP: 15/15
  3755 | D:5      | Reached skill level 5 in Spellcasting
  3841 | D:5      | Found a hide-covered altar of Uskayaw.
  3842 | D:5      | Found a snail-covered altar of Cheibriados.
  4074 | D:6      | Learned a level 2 spell: Passwall
  4080 | D:6      | Learned a level 5 spell: Lee's Rapid Deconstruction
  4152 | D:6      | Noticed a gargoyle
  4164 | D:7      | Noticed a manticore
  4239 | D:6      | Found a deep blue altar of Sif Muna.
  4640 | D:7      | Reached XP level 9. HP: 46/68 MP: 16/16
  4756 | D:7      | Zin protects you from harm!
  4782 | D:7      | Killed a manticore
  4900 | D:7      | Reached skill level 1 in Fighting
  4917 | D:7      | Reached skill level 5 in Hexes
  4985 | D:7      | Noticed Dowan
  4989 | D:7      | Noticed Duvessa
  5002 | D:7      | Killed Dowan
  5035 | D:7      | Killed Duvessa
  5414 | D:7      | Reached XP level 10. HP: 40/81 MP: 3/17
  5499 | D:8      | You fall through a shaft for 2 floors!
  5499 | D:10     | Entered Level 10 of the Dungeon
  5499 | D:10     | Found a staircase to the Lair.
  5519 | D:10     | Noticed a gargoyle
  5525 | D:10     | Killed a gargoyle
  5609 | D:10     | HP: 4/84 [hell hound/blast of flame (10)]
  5611 | D:10     | Killed from afar by a hell hound

Skill      XL: |  1  2  3  4  5  6  7  8  9 10 |
---------------+-------------------------------+-----
Earth Magic    | 4 5 7 9 |  9.6
Short Blades   | 1 2 3 4 |  4.1
Spellcasting   | 3 4 5 |  5.0
Hexes          | 1 2 4 5 |  5.6
Stealth        | 4 5 7 9 |  9.7
Fighting       | 2 3 |  3.1
Dodging        | |  1.5
Transmutations | |  1.0

Action                   |  1- 3 |  4- 6 |  7- 9 | 10-12 || total
-------------------------+-------+-------+-------+-------++-------
Melee: Unarmed           |    32 |       |       |       ||    32
       Dagger            |    47 |   139 |   252 |    60 ||   498
 Fire: Fustibalus        |       |       |     2 |       ||     2
 Cast: Sandblast         |    25 |     7 |    26 |       ||    58
       Stone Arrow       |     1 |     7 |    20 |       ||    28
       Confuse           |       |     2 |    27 |     5 ||    34
       Lee's Rapid Decon |       |       |     1 |     2 ||     3
Invok: Vitalisation      |       |       |     1 |       ||     1
 Abil: Spit Poison       |    17 |     9 |    10 |     1 ||    37
  Use: Potion            |       |     1 |     5 |     3 ||     9
       Scroll            |       |       |    13 |       ||    13
 Stab: Sleeping          |       |     1 |     7 |     1 ||     9
       Confused          |       |       |     4 |       ||     4
  Eat: Chunk             |     2 |     6 |     6 |     1 ||    15
       Bread ration      |       |       |     1 |       ||     1
Armor: Robe              |    37 |     5 |       |       ||    42
       Steam dragon scal |       |    33 |    94 |    21 ||   148
Dodge: Dodged            |    84 |    63 |   173 |    33 ||   353
